 Dungeon Crawl Stone Soup version 0.30-a0-718-geaa24f58ff (webtiles) character file.

Game seed: 786445154907509661

88 ASSMAN the Ducker (level 4, -5/30 HPs)
             Began as a Merfolk Ice Elementalist on Jan 26, 2023.
             Slain by Grinder (6 damage)
             ... while paralysed by Grinder
             ... on level 3 of the Dungeon.
             The game lasted 00:05:55 (2399 turns).

ASSMAN the Ducker (Merfolk Ice Elementalist)        Turns: 2399, Time: 00:05:56

Health: -5/30      AC:  7    Str:  8    XL:     4   Next: 54%
Magic:  1/7        EV:  2    Int: 16    God:
Gold:   147        SH:  0    Dex: 14    Spells: 3/7 levels left

rFire   . . .      SeeInvis .    (no weapon)
rCold   . . .      Faith    .    (no shield)
rNeg    . . .      Spirit   .    l - +3 leather armour of a bailey {Rampage}
rPois   .          Reflect  .    k - +0 helmet
rElec   .          Harm     .    (no cloak)
rCorr   .          Rampage  +    (no gloves)
Will    .....                    (no boots)
Stlth   ++                       (no amulet)
HPRegen 0.25/turn                (no ring)
MPRegen 0.10/turn                (no ring)

@: paralysed, invisible
A: (nimble swimmer 2), mertail
a: no special abilities


You were on level 3 of the Dungeon.
You visited 1 branch of the dungeon, and saw 3 of its levels.

You collected 147 gold pieces.

Inventory:

Armour
 k - a +0 helmet (worn)
 l - the +3 leather armour of a bailey (worn) {Rampage}
   (You found it on level 2 of the Dungeon)

   Rampage:   It bestows one free step when moving towards enemies.
Jewellery
 c - an amulet of guardian spirit
Wands
 f - a wand of flame (15)
Scrolls
 a - a scroll of identify
 g - a scroll of enchant weapon {unknown}
 h - 2 scrolls of blinking {unknown}
 i - a scroll of fear {unknown}
 j - 2 scrolls of silence {unknown}
 n - a scroll of brand weapon {unknown}
Potions
 b - a potion of magic
 d - 2 potions of curing
 m - a potion of heal wounds {unknown}


   Skills:
 + Level 6.1 Dodging
 - Level 2.1 Stealth
 - Level 2.0 Spellcasting
 - Level 4.3 Ice Magic


You had 3 spell levels left.
You knew the following spells:

 Your Spells              Type           Power      Damage    Failure   Level
a - Freeze                Ice            60%        1d7       4%          1
b - Frozen Ramparts       Ice            30%        1d5       16%         3

Your spell library contained the following spells:

 Spells                   Type           Power      Damage    Failure   Level
 Ozocubu's Armour         Ice            15%        N/A       16%         3
 Gell's Gravitas          Tloc           1%         N/A       65%         3
 Teleport Other           Tloc           1%         N/A       65%         3
 Summon Ice Beast         Ice/Summ       8%         N/A       77%         4
 Dispersal                Tloc           0%         N/A       100%        6


Dungeon Overview and Level Annotations

Branches:
Dungeon (3/15)

Altars:

Annotations:
D:3 Grinder


Innate Abilities, Weirdness & Mutations

((You are very nimble when in or above water. (Stealth+, EV+, Speed+++)))
Your lower body shifts to a powerful aquatic tail in water.


Message History

The ball python constricts you.
Grinder blinks!
The hobgoblin misses you.
Casting: Freeze (safe; 4% risk of failure)
Confirm with . or Enter, or press ? or * to list all spells.
Aiming: Freeze (safe; 4% risk of failure)
Press: ? - help, Shift-Dir - straight line, f/p - hobgoblin
Aim: a hobgoblin (severely wounded)
You freeze the hobgoblin.
You kill the hobgoblin!
The ball python barely misses you. The ball python constricts you.
Casting: Freeze (safe; 4% risk of failure)
Confirm with . or Enter, or press ? or * to list all spells.
Aiming: Freeze (safe; 4% risk of failure)
Press: ? - help, Shift-Dir - straight line, f - ball python
Aim: a ball python (constricting you)
You freeze the ball python.
You kill the ball python!
Casting: Freeze (safe; 4% risk of failure)
Confirm with . or Enter, or press ? or * to list all spells.
Aiming: Freeze (safe; 4% risk of failure)
Press: ? - help, Shift-Dir - straight line, f - Grinder
Aim: Grinder You freeze Grinder but do no damage.
Grinder completely resists.
Grinder hits you but does no damage.
Casting: Freeze (safe; 4% risk of failure)
Confirm with . or Enter, or press ? or * to list all spells.
Aiming: Freeze (safe; 4% risk of failure)
Press: ? - help, Shift-Dir - straight line, f/p - Grinder
Aim: Grinder You freeze Grinder but do no damage.
Grinder completely resists.
Grinder hits you.
You writhe in agony.
You fade into invisibility!
Grinder gestures at you.
You suddenly lose the ability to move!
Grinder hits you!
You writhe in agony.
Grinder hits you.
You writhe in agony.
* * * LOW HITPOINT WARNING * * *
Grinder hits you!
* * * LOW HITPOINT WARNING * * *
You writhe in agony.
You die...

#.###........ ....##
#.#........###.......[
##.#.........##....##.#
.............#........##
...#........(#...<...)..
####.........#........#
#.#.#...#.#........#
#.#.####.....5..#
#.#..........@###
#.#...[.......†....#
...........#####...#
#.#.#####..# .... ...>.
....# ... . ####.# ..
#.# # ..


You could see Grinder (unable to see you).

Vanquished Creatures
  Robin (D:2)
  2 adders (D:2)
  A worm (D:2)
  4 dart slugs
  3 endoplasms
  4 giant cockroaches
  7 goblins
  3 hobgoblins
  4 jackals (D:2)
  2 quokkas
  4 ball pythons
  3 bats
  2 frilled lizards
  5 kobolds
  2 rats
47 creatures vanquished.

Notes
Turn   | Place    | Note
-------+----------+-------------------------------------------
     0 | D:1      | ASSMAN the Merfolk Ice Elementalist began the quest for the
                  | Orb.
     0 | D:1      | Reached XP level 1. HP: 13/13 MP: 3/3
   115 | D:1      | Reached skill level 3 in Dodging
   215 | D:1      | Reached XP level 2. HP: 13/19 MP: 0/5
   341 | D:1      | Reached skill level 4 in Dodging
   610 | D:1      | Found a faded altar of an unknown god.
   739 | D:1      | Reached XP level 3. HP: 18/24 MP: 3/6
  1214 | D:2      | Reached skill level 5 in Dodging
  1220 | D:2      | Learned a level 3 spell: Frozen Ramparts
  1467 | D:2      | Identified the +3 leather armour of a bailey {Rampage}
  1558 | D:2      | Reached XP level 4. HP: 29/30 MP: 4/7
  1968 | D:2      | Noticed Robin
  1982 | D:2      | Killed Robin
  1983 | D:2      | Reached skill level 6 in Dodging
  2389 | D:3      | Noticed Grinder
  2396 | D:3      | Paralysed by Grinder for 4 turns
  2399 | D:3      | HP: 1/30 [Grinder (8)]
  2399 | D:3      | Slain by Grinder

Illustrated notes

Levels and vault maps discovered:
D:1:      lemuel_arrival_muddy, layout_basic,
          hellmonk_ecumenical_altar_defaced_shrine, serial_bayou_crossing
D:2:      layout_basic, minmay_pentomino_pile, uniq_robin
D:3:      layout_loops_ring, vehumet_crystals, mainiacjoe_overflow_alcove_2,
          uniq_grinder

Skill      XL: |  1  2  3  4 |
---------------+-------------+-----
Dodging        | 3 4 5 6 |  6.1
Stealth        | |  2.1
Spellcasting   | |  2.0
Ice Magic      | |  4.3

Action                     |  1- 3 |  4- 6 || total
---------------------------+-------+-------++-------
  Melee: Unarmed           |    56 |     6 ||    62
   Cast: Freeze            |    60 |    20 ||    80
    Use: Scroll            |       |     6 ||     6
         Potion            |       |     1 ||     1
   Stab: Sleeping          |       |     1 ||     1
 Armour: Robe              |    14 |       ||    14
         Leather armour    |     3 |     7 ||    10
  Dodge: Dodged            |    59 |    15 ||    74

Table legend: (Time is in decaauts)
 A = Elapsed time spent in this place.
 B = Non-inter-level travel time spent in this place.
 C = Inter-level travel time spent in this place.
 D = Time resting spent in this place.
 E = Time spent auto-exploring this place.
 F = Levels seen in this place.
 G = Mean time per level.
                   A        B        C        D        E       F      G
               +--------+--------+--------+--------+--------+-----+--------+
         Total |   2386 |   2241 |    145 |    133 |   1746 |   3 |  795.3 |
       Dungeon |   2386 |   2241 |    145 |    133 |   1746 |   3 |  795.3 |
               +--------+--------+--------+--------+--------+-----+--------+

Top non-repeatable levels by time:
     D:2: 1298 daAuts
     D:1: 1041 daAuts
     D:3: 45 daAuts
